Match 46991275
Unlisted

Match 46991275
End
Construct Infanterie Kompanie
Selects Italian Coastal Battlegroup
Selects Coastal Reserves
Coastal Reserve
MG 42 Machine Gun Team
Coastal Reserve
GrW 34 Mortar Team
Selects Artillery Officer
MG 42 Bunker
Artillery Officer
Infanterie Officer Quarters
Medical Station
MG 42 Bunker
Selects Support Bunkers
Construct Panzergrenadier Kompanie
Pak 40 Anti-tank Gun Team
Selects Designated Artillery Overwatch
Support Elements
Nebelwerfer 42 Rocket Launcher Team
Panzergrenadier Officer Quarters
Designated Artillery Overwatch
Construct Panzer Kompanie
Panzer IV Medium Tank
Selects Obice da 210/22 Artillery Emplacement
Side Skirts
Designated Artillery Overwatch
Panzer IV Medium Tank
Selects Bulwark
Stoßtruppen Squad
MG 42 Machine Gun Team
Pak 40 Anti-tank Gun Team
Panzer IV Medium Tank
Designated Artillery Overwatch
Imperiale
Herogus3xD
Bananenratte
JuanPi_Art
ElShileno123
Majovish
0
0

Comments sign in to comment!

No comments posted yet!